 Dungeon Crawl Stone Soup version 0.29-a0-392-g297d3b089c (webtiles) character file.

Game seed: 12708165032481992914

360 NinjaNoafa the Ruffian (level 6, -15/51 HPs)
             Began as a Draconian Transmuter on May 6, 2022.
             Demolished by Menkaure (20 damage)
             ... on level 4 of the Dungeon on May 8, 2022.
             The game lasted 00:07:22 (3982 turns).

NinjaNoafa the Ruffian (Draconian Transmuter)       Turns: 3982, Time: 00:07:23

Health: -15/51     AC:  6    Str: 12    XL:     6   Next: 38%
Magic:  10/10      EV: 12    Int: 16    God:
Gold:   146        SH:  0    Dex: 13    Spells: 8/11 levels left

rFire   + . .      SeeInvis .     - Unarmed
rCold   . . .      Faith    .   (no shield)
rNeg    . . .      Spirit   .   (body armour unavailable)
rPois   .          Reflect  .   (helmet currently unavailable)
rElec   .          Harm     .   (no cloak)
rCorr   .          Rampage  .   (no gloves)
Will    .....      Clarity  +   (boots currently unavailable)
Stlth   +.........              (no amulet)
HPRegen 0.17/turn               d - ring of protection from fire
MPRegen 0.12/turn               (no ring)

@: confused, brilliant, appendages, ambrosia-drunk, flying
A: horns 2, talons 2, flying, AC +6, unfitting armour, cold-blooded, big wings,
agile 1, clarity
a: End Transformation


You were on level 4 of the Dungeon.
You had temporarily grown beastly horns and talons.
You visited 1 branch of the dungeon, and saw 4 of its levels.
You also visited: Ossuary.

You collected 146 gold pieces.

Inventory:

Hand Weapons
 e - a +3 short sword of draining
Missiles
 a - 48 stones
Magical Staves
 p - a staff of earth
Jewellery
 d - a ring of protection from fire (left hand)
 f - a ring of ice
Wands
 q - a wand of polymorph (5)
Scrolls
 c - 2 scrolls of teleportation
 i - 2 scrolls of enchant weapon
 j - a scroll of magic mapping
Potions
 b - a potion of mutation
 k - a potion of lignification
 r - a potion of degeneration {unknown}


   Skills:
 + Level 3.0 Fighting
 + Level 3.0 Dodging
 + Level 4.0 Unarmed Combat
 + Level 3.2 Spellcasting
 + Level 3.2 Transmutations
 * Level 2.1 Poison Magic


You had 8 spell levels left.
You knew the following spells:

 Your Spells              Type           Power      Damage    Failure   Level
a - Beastly Appendage     Tmut           38%        N/A       4%          1
b - Wereblood             Tmut           19%        N/A       8%          2

Your spell library contained the following spells:

 Spells                   Type           Power      Damage    Failure   Level
 Spider Form              Tmut/Pois      16%        N/A       19%         3
 Tukima's Dance           Hex            3%         N/A       50%         3
 Ice Form                 Ice/Tmut       11%        N/A       67%         4
 Blade Hands              Tmut           9%         N/A       80%         5
 Passage of Golubria      Tloc           3%         N/A       88%         4
 Irradiate                Conj/Tmut      5%         3d15      95%         5
 Yara's Violent Unravell  Hex/Tmut       5%         3d4       95%         5
 Dragon Form              Tmut           9%         N/A       100%        7


Dungeon Overview and Level Annotations

Branches:
Dungeon (4/15)             Temple (0/1) D:4         Ossuary (visited)

Altars:
Uskayaw

Annotations:
D:4 Menkaure


Innate Abilities, Weirdness & Mutations

You have temporarily grown beastly horns and talons.
You are flying.
Your plain brown scales are hard. (AC +6)
You cannot fit into any form of body armour.
You are cold-blooded and may be slowed by cold attacks.
Your large and strong wings let you fly.
You are agile. (Dex +2)
You possess an exceptional clarity of mind.


Message History

The ufetubus barely misses you. x2
Menkaure gestures at you while chanting.
Pain shoots through your body!
You hit Menkaure but do no damage. Your kick misses Menkaure.
The ufetubus hits you. The ufetubus closely misses you.
The ufetubus hits you but does no damage.
The ufetubus misses you.
You barely miss the ufetubus. Your headbutt misses the ufetubus.
The ufetubus closely misses you.
The ufetubus hits you but does no damage.
Menkaure hits you!!
It was a potion of flight.
You feel more buoyant.
The ufetubus hits you but does no damage. x2
Menkaure sighs, "Let me perform the rites..."
Menkaure points at you and mumbles some strange words.
Pain shoots through your body!
* * * LOW HITPOINT WARNING * * *
The ufetubus barely misses you. x2
You feel better.
The ufetubus hits you but does no damage. x2
Menkaure hits you!
* * * LOW HITPOINT WARNING * * *
Okay, then.
Okay, then.
It was a potion of brilliance.
You feel clever all of a sudden. The ufetubus barely misses you.
The ufetubus closely misses you. x2
The ufetubus misses you.
Menkaure calls on the powers of darkness!
You feel a surge of unholy energy.
It was a potion of magic.
Magic courses through your body.
The ufetubus hits you but does no damage.
The ufetubus misses you.
It was a potion of ambrosia.
You are confused.
You feel invigorated.
The ufetubus hits you but does no damage. x2
Menkaure hits you!!
You die...

* ********.####..[#.###.#..*****
* *..........###....,,,*, *
***#..............,,,,, *** ***
*** ##..............,,,,,
*8***8***⌠**#.....M####...#.,*,,,
,,,,,,,,,**.....#..###..###*,,,,,
,,,,,,,,,**....###.........,,,,,,
*******,,**...##§##...#####***,**
*,,,8*,(*#5@M##.## *,*8
*,,,**,,,##§#§..# *,**
*,,,**,,,,###..## *,,*
*,,,***,,,,#..## **,,
*,,,8***,,...## **, *,,,**
**####* ** *,,,* * ***** *


You could see Menkaure and an ufetubus.

Vanquished Creatures
  An elf zombie (Ossuary)
  2 human zombies (Ossuary)
  2 centaur zombies (Ossuary)
  An orc wizard (D:3)
  2 mummies (Ossuary)
  A gnoll (D:1)
  3 adders
  2 worms
  5 orcs (D:3)
  4 endoplasms
  A giant cockroach (D:1)
  4 goblins
  4 hobgoblins (D:1)
  4 kobolds
  2 quokkas (D:1)
  3 ball pythons
  8 bats
  4 goblin zombies (Ossuary)
  10 hobgoblin zombies (Ossuary)
  A jackal zombie (Ossuary)
  9 kobold zombies (Ossuary)
  7 orc zombies (Ossuary)
  6 rats
  A rat zombie (Ossuary)
87 creatures vanquished.

Notes
Turn   | Place    | Note
-------+----------+-------------------------------------------
     0 | D:1      | NinjaNoafa the Draconian Transmuter began the quest for the
                  | Orb.
     0 | D:1      | Reached XP level 1. HP: 16/16 MP: 3/3
   136 | D:1      | Found a faded altar of an unknown god.
   137 | D:1      | Upgraded the game from 0.29-a0-384-g6960b1960d to
                  | 0.29-a0-392-g297d3b089c
   190 | D:1      | Reached XP level 2. HP: 12/23 MP: 0/5
   867 | D:1      | Reached XP level 3. HP: 29/29 MP: 4/6
  1827 | D:3      | Reached XP level 4. HP: 36/36 MP: 5/7
  2684 | D:4      | Found a hide-covered altar of Uskayaw.
  2688 | D:4      | Noticed Menkaure
  2702 | D:4      | Found a sand-covered staircase.
  2707 | Ossuary  | Entered an ossuary
  3099 | Ossuary  | Reached XP level 5. HP: 19/42 MP: 7/9
  3273 | Ossuary  | Reached skill level 1 in Poison Magic
  3872 | Ossuary  | Reached XP level 6. HP: 43/51 MP: 10/10
  3877 | Ossuary  | Reached skill level 4 in Unarmed Combat
  3885 | Ossuary  | Learned a level 2 spell: Wereblood
  3974 | D:4      | Gained mutation: You are agile. (Dex +2) [potion of
                  | mutation]
  3974 | D:4      | Gained mutation: You possess an exceptional clarity of
                  | mind. [potion of mutation]
  3974 | D:4      | Gained mutation: Your large and strong wings let you fly.
                  | [potion of mutation]
  3979 | D:4      | HP: 1/51 [Menkaure (14)]
  3982 | D:4      | Demolished by Menkaure

Illustrated notes

Levels and vault maps discovered:
D:1:      nicolae_arrival_memento_mori, layout_loops_ring,
          shapermc_ecumenical_altar_petra, minmay_door_square
D:2:      layout_rooms
D:3:      layout_basic, nrook_mini_vaults
D:4:      layout_rooms, eat_drink_and_be_merry_uskayaw,
          lemuel_temple_firewalk_b, enter_ossuary_5, serial_corexii_hall,
          chequers_hall_statues_y, corexii_hall_statues_deadend,
          chequers_hall_statues_corner_a, chequers_hall_statues_corner_a,
          corexii_hall_statues_l, chequers_hall_statues_y,
          minmay_misc_feat_hallway, pf_guarded_unrand_woodcutter, uniq_menkaure

Skill      XL: |  1  2  3  4  5  6 |
---------------+-------------------+-----
Dodging        | 2 3 |  3.0
Fighting       | 2 3 |  3.0
Poison Magic   | 2 |  2.1
Spellcasting   | 3 |  3.2
Transmutations | 3 |  3.2
Unarmed Combat | 4 |  4.0

Action                   |  1- 3 |  4- 6 || total
-------------------------+-------+-------++-------
Melee: Unarmed           |    91 |   159 ||   250
       Kick              |    21 |    44 ||    65
       Headbutt          |    12 |    29 ||    41
       Tailslap          |     9 |    17 ||    26
       Punch             |     2 |     3 ||     5
 Cast: Beastly Appendage |    23 |    18 ||    41
  Use: Scroll            |       |     6 ||     6
       Potion            |       |    12 ||    12
 Stab: Sleeping          |     1 |       ||     1
Armor: Skin              |    45 |    72 ||   117
Dodge: Dodged            |    85 |   108 ||   193

Table legend: (Time is in decaauts)
 A = Elapsed time spent in this place.
 B = Non-inter-level travel time spent in this place.
 C = Inter-level travel time spent in this place.
 D = Time resting spent in this place.
 E = Time spent auto-exploring this place.
 F = Levels seen in this place.
 G = Mean time per level.
                   A        B        C        D        E       F      G
               +--------+--------+--------+--------+--------+-----+--------+
         Total |   3970 |   3878 |     92 |    701 |   2472 |   5 |  794.0 |
       Dungeon |   2713 |   2621 |     92 |     68 |   2071 |   4 |  678.2 |
       Ossuary |   1257 |   1257 |      0 |    633 |    401 |   1 | 1257.0 |
               +--------+--------+--------+--------+--------+-----+--------+

Top non-repeatable levels by time:
 Ossuary: 1257 daAuts
     D:1: 1209 daAuts
     D:3: 851 daAuts
     D:2: 599 daAuts
     D:4: 53 daAuts
